 Seeded DCSS version 0.30.0-29-ga12c61a403 (webtiles) character file.

Game seed: 328018827743779073 (custom seed)

2161 OTABOTABOTAB the Blocker (level 9, 0/71 HPs)
             Began as a Formicid Fighter on June 24, 2023.
             Slain by an ufetubus (3 damage)
             ... on level 6 of the Dungeon.
             The game lasted 00:08:58 (5157 turns).

OTABOTABOTAB the Blocker (Formicid Fighter)         Turns: 5157, Time: 00:08:59

Health: 0/71       AC: 11    Str: 26    XL:     9   Next: 57%
Magic:  9/9        EV:  8    Int:  7    God:
Gold:   1092       SH:  6    Dex: 13    Spells: 8/8 levels left

rFire   . . .        e - +10 dark maul {heavy}
rCold   . . .        c - +0 buckler
rNeg    . . .        f - +0 chain mail
rPois   .            (helmet unavailable)
rElec   .            g - +0 cloak
rCorr   .            (no gloves)
SInv    +            (no boots)
Will    .....        (no amulet) Stlth
                     (no ring)
HPRegen 0.31/turn    (no ring)
MPRegen 0.11/turn

%: no passive effects
@: no status effects
A: permanent stasis, dig shafts and tunnels, antennae 3, four strong arms
a: Dig, Shaft Self


You were on level 6 of the Dungeon.
You visited 1 branch of the dungeon, and saw 6 of its levels.

You collected 1092 gold pieces.

Inventory:

Hand Weapons
 e - the +10 dark maul (weapon) {heavy}
   (You found it on level 3 of the Dungeon)
Missiles
 a - 9 poisoned darts
 d - 4 boomerangs
 j - a throwing net {!d}
 l - a silver boomerang
 s - 41 stones
Armour
 c - a +0 buckler (worn)
 f - a +0 chain mail (worn)
   (You found it on level 3 of the Dungeon)
 g - a +0 cloak (worn)
   (You found it on level 3 of the Dungeon)
Wands
 b - a wand of roots (1)
   (You found it on level 5 of the Dungeon)
 h - a wand of acid (18)
   (You found it on level 4 of the Dungeon)
Scrolls
 i - 2 scrolls of identify {@r1}
 K - 2 scrolls of immolation {!r}
 O - a scroll of silence
Potions
 k - 2 potions of berserk rage {unknown}
 m - a potion of might
 H - a potion of haste
 J - 3 potions of curing {@q1}
 M - a potion of magic
 P - a potion of lignification {!q}
 U - a potion of mutation {!q}


   Skills:
 + Level 6.8 Fighting
 * Level 7.9 Maces & Flails
 + Level 6.7 Armour
 + Level 8.1 Shields


You had 8 spell levels left.
You didn't know any spells.
Your spell library was empty.

Dungeon Overview and Level Annotations

Branches:
Dungeon (6/15)
 Temple: D:4-7

Altars:
Ru

Annotations:
D:3 3 runed translucent doors, Fecro's ghost, weakling SpBr


Innate Abilities, Weirdness & Mutations

You cannot be hasted, slowed, berserked, paralysed or teleported.
You can dig through walls and to a lower floor.
You have a pair of large antennae on your head. (SInv)
Your four strong arms can wield two-handed weapons with a shield.


Message History

Found 15 gold pieces and a scroll of identify.
Found a stone staircase leading down.
There is a stone staircase leading up here.
An adder is nearby!
The adder bites you but does no damage.
You sock the adder!
You kill the adder!
Found a stone staircase leading down.
Found a stone staircase leading up.
You now have 1092 gold pieces (gained 15).
No target in view!
i - 2 scrolls of identify {@r1} (gained 1) 2 vampire mosquitoes come into view.
The vampire mosquito buzzes angrily.
There are monsters nearby!
A vampire mosquito comes into view.
An ufetubus comes into view.
An ogre comes into view. It is wielding a +0 giant club.
The vampire mosquito attacks as you move away!
You block the vampire mosquito's attack.
The vampire mosquito bites you.
The vampire mosquito draws strength from your injuries!
You take 1 damage, and have 70/71 hp.
You pound the vampire mosquito like an anvil!!!
You destroy the vampire mosquito!
You hear a shout!
The vampire mosquito bites you but does no damage.
The vampire mosquito barely misses you.
The vampire mosquito closely misses you.
The vampire mosquito bites you but does no damage.
You block the vampire mosquito's attack.
The vampire mosquito bites you!
The vampire mosquito draws strength from your injuries!
The vampire mosquito bites you but does no damage.
You take 9 damage, and have 61/71 hp.
Maggie the Vainglorious comes into view.
She is wielding a +0 glaive and carrying a wand of flame (22).
Maggie shouts!
The ogre barely misses you.
You flatten the ogre like a pancake!!!!
You kill the ogre!
The vampire mosquito bites you but does no damage.
The vampire mosquito bites you!
The vampire mosquito draws strength from your injuries!
You block the vampire mosquito's attack.
The vampire mosquito bites you but does no damage.
You block the vampire mosquito's attack.
The vampire mosquito bites you!
The vampire mosquito draws strength from your injuries!
Maggie zaps a wand.
The puff of flame hits you but does no damage.
The vampire mosquito bites you!
The vampire mosquito draws strength from your injuries!
The vampire mosquito closely misses you.
The vampire mosquito bites you but does no damage. x3
The vampire mosquito bites you.
The vampire mosquito draws strength from your injuries!
You take 29 damage, and have 32/71 hp.
MASSIVE DAMAGE!!
You crush the vampire mosquito like a grape!!!
You destroy the vampire mosquito!
You hear a shout!
The vampire mosquito bites you but does no damage. x2
You block the vampire mosquito's attack.
Maggie mumbles some strange words.
Maggie attempts to bespell you!
You easily resist.
You block the vampire mosquito's attack.
The vampire mosquito bites you!
The vampire mosquito draws strength from your injuries!
Maggie hits you but does no damage. The vampire mosquito barely misses you.
The ufetubus shouts!
Your Shields skill increases to level 8!
You take 8 damage, and have 24/71 hp.
You beat the vampire mosquito like a drum!!!
You destroy the vampire mosquito!
You block the ufetubus's attack.
The ufetubus hits you but does no damage.
Maggie casts a spell.
Maggie attempts to bespell you!
You are mesmerised by Maggie!
The ufetubus barely misses you. x2; Maggie hits you but does no damage.
You block the ufetubus's attack. The ufetubus hits you.
Maggie hits you from afar with a +0 glaive.
* * * LOW HITPOINT WARNING * * *
The ufetubus hits you but does no damage.
The ufetubus barely misses you.
You take 3 damage, and have 21/71 hp.
A kobold comes into view. It is wielding a +0 dagger.
The kobold shouts!
You hear a shout!
Maggie points at you and mumbles some strange words.
The bolt of fire hits you!!
* * * LOW HITPOINT WARNING * * *
You see here a +0 giant club.
You take 18 damage, and have 3/71 hp.
MASSIVE DAMAGE!!
You pound Maggie like an anvil!!!!
You are no longer entranced.
You kill Maggie!
You hear a shout!
The ufetubus completely misses you. You block the ufetubus's attack.
The ufetubus hits you.
You die...

#........#..)..
#.................
#.................
#.................
##........>........
............#......
..#........#........
.>#.....##†##)......
.....y..#.5@.......
..........##.......
.........!. .......
......#.... .......
.5....#............
............)......
.......K......
...... .......


You could see an ufetubus and a kobold.

Vanquished Creatures
  Maggie (D:6)
  Sigmund (D:5)
  A steam dragon (D:5)
  3 vampire mosquitoes (D:6)
  Duvessa (D:5)
  An ice beast (D:5)
  2 black bears
  2 ogres
  A phantom (D:5)
  A kobold brigand (D:4)
  A water moccasin skeleton (D:5)
  A water moccasin zombie (D:5)
  Dowan (D:5)
  A vampire bat (D:3)
  3 centaur zombies (D:5)
  A bullfrog zombie (D:5)
  A jelly (D:4)
  2 bullfrog skeletons (D:5)
  2 iguanas (D:5)
  3 orc wizards (D:4)
  A scorpion zombie (D:5)
  A hound zombie (D:5)
  A hound skeleton (D:5)
  Robin (D:2)
  A howler monkey skeleton (D:5)
  7 adders
  2 shadow imps (D:5)
  A white imp (D:5)
  An ufetubus (D:5)
  2 adder zombies (D:5)
  5 worms
  2 dart slugs
  13 orcs
  14 bats
  4 endoplasms
  2 giant cockroaches
  17 goblins
  8 hobgoblins
  4 jackals
  3 quokkas
  4 ball pythons
  3 frilled lizards
  2 kobolds
  2 rats
131 creatures vanquished.

Notes
Turn   | Place    | Note
-------+----------+-------------------------------------------
     0 | D:1      | OTABOTABOTAB the Formicid Fighter began the quest for the
                  | Orb.
     0 | D:1      | Reached XP level 1. HP: 18/18 MP: 1/1
   186 | D:1      | Reached XP level 2. HP: 18/24 MP: 2/2
   530 | D:1      | Reached XP level 3. HP: 29/29 MP: 3/3
  1115 | D:2      | Reached XP level 4. HP: 32/37 MP: 4/4
  1224 | D:2      | Reached skill level 3 in Maces & Flails
  1583 | D:2      | Noticed Robin
  1608 | D:2      | HP: 8/37 [goblin/+0 club[Robin] (3)]
  1614 | D:2      | Killed Robin
  1866 | D:2      | Identified a scroll of acquirement
  1866 | D:2      | Acquired 807 gold pieces
  1902 | D:3      | Found the +10 dark maul {heavy}
  1920 | D:3      | Reached XP level 5. HP: 37/42 MP: 5/5
  1921 | D:3      | Reached skill level 4 in Fighting
  1994 | D:3      | Found a runed translucent gate.
  1994 | D:3      | Found a runed translucent gate.
  1994 | D:3      | Found a runed translucent gate.
  2497 | D:3      | Noticed Fecro's ghost (weakling SpBr)
  2878 | D:3      | Reached skill level 4 in Armour
  2878 | D:3      | Reached skill level 5 in Shields
  3088 | D:4      | Reached XP level 6. HP: 31/48 MP: 6/6
  3360 | D:4      | Found a sacrificial altar of Ru.
  3369 | D:4      | Noticed a black bear
  3376 | D:4      | Reached skill level 4 in Maces & Flails
  3376 | D:4      | Killed a black bear
  3524 | D:4      | Reached XP level 7. HP: 55/55 MP: 7/7
  3763 | D:4      | Reached skill level 5 in Maces & Flails
  3843 | D:5      | Entered Level 5 of the Dungeon
  3847 | D:5      | Reached skill level 5 in Fighting
  3847 | D:5      | Reached skill level 6 in Shields
  3898 | D:5      | Noticed Sigmund
  3904 | D:5      | Killed Sigmund
  3905 | D:5      | Reached skill level 5 in Armour
  3905 | D:5      | Reached XP level 8. HP: 62/62 MP: 8/8
  3912 | D:5      | Reached skill level 6 in Maces & Flails
  4027 | D:5      | Reached skill level 7 in Shields
  4335 | D:5      | Reached skill level 6 in Fighting
  4405 | D:5      | Reached skill level 6 in Armour
  4687 | D:5      | Reached XP level 9. HP: 59/69 MP: 9/9
  4784 | D:5      | Reached skill level 7 in Maces & Flails
  4903 | D:5      | Noticed Duvessa
  4903 | D:5      | Noticed Dowan
  4904 | D:5      | Killed Duvessa
  4908 | D:5      | Killed Dowan
  5152 | D:6      | Noticed Maggie
  5155 | D:6      | Reached skill level 8 in Shields
  5156 | D:6      | HP: 3/71 [Maggie/bolt of fire (19)]
  5157 | D:6      | Killed Maggie
  5157 | D:6      | Slain by an ufetubus

Illustrated notes

Levels and vault maps discovered:
D:1:      ebering_trefoil_3fold, layout_basic
D:2:      layout_loops_corners, glass_columns_a, minmay_small_reverse_x,
          uniq_robin
D:3:      layout_basic, gammafunk_ghost_icy, serial_co_window_serial,
          co_window_paths_a, co_window_corner_a, co_window_of_opportunity_a,
          co_window_paths_b, co_window_paths_a, co_window_corner_a,
          co_window_of_opportunity_a, co_window_of_opportunity_a,
          co_window_of_opportunity_a, co_window_corner_cb,
          co_window_of_opportunity_b, co_window_corner_ca, co_window_paths_c,
          co_window_corner_b, co_window_4corner_a, glass_columns_a,
          glass_columns_b, glass_columns_a, glass_columns_c, roderic_batcave
D:4:      layout_rooms, nicolae_ru_awakened_eye, minmay_stone_trees_small
D:5:      layout_loops_corners, serial_undead, serial_undead_f, serial_undead_a,
          serial_undead_a, serial_undead_f, serial_undead_b, serial_undead_f,
          serial_undead_e, serial_undead_f, uniq_sigmund, uniq_duvessa
D:6:      layout_cave_pools, chequers_temple_overflow_statue_of_worship,
          amcnicky_mini_corridor_feature, uniq_maggie

Skill      XL: |  1  2  3  4  5  6  7  8  9 |
---------------+----------------------------+-----
Maces & Flails | 3 4 5 6 7 |  7.9
Fighting       | 4 5 6 |  6.8
Armour         | 4 5 6 |  6.7
Shields        | 5 6 7 8 |  8.1

Action                     |  1- 3 |  4- 6 |  7- 9 || total
---------------------------+-------+-------+-------++-------
  Melee: Flail             |    89 |    79 |       ||   168
         Maul              |       |    54 |    85 ||   139
  Throw: Stone             |     4 |       |       ||     4
    Use: Scroll            |       |    12 |     4 ||    16
 Armour: Scale mail        |    53 |    71 |       ||   124
         Chain mail        |       |   133 |    90 ||   223
  Dodge: Dodged            |    57 |   161 |    77 ||   295
  Block: Buckler           |    27 |    68 |    57 ||   152

Levels and vault maps discovered:
D:1:      ebering_trefoil_3fold, layout_basic
D:2:      layout_loops_corners, glass_columns_a, minmay_small_reverse_x,
          uniq_robin
D:3:      layout_basic, gammafunk_ghost_icy, serial_co_window_serial,
          co_window_paths_a, co_window_corner_a, co_window_of_opportunity_a,
          co_window_paths_b, co_window_paths_a, co_window_corner_a,
          co_window_of_opportunity_a, co_window_of_opportunity_a,
          co_window_of_opportunity_a, co_window_corner_cb,
          co_window_of_opportunity_b, co_window_corner_ca, co_window_paths_c,
          co_window_corner_b, co_window_4corner_a, glass_columns_a,
          glass_columns_b, glass_columns_a, glass_columns_c, roderic_batcave
D:4:      layout_rooms, nicolae_ru_awakened_eye, minmay_stone_trees_small
D:5:      layout_loops_corners, serial_undead, serial_undead_f, serial_undead_a,
          serial_undead_a, serial_undead_f, serial_undead_b, serial_undead_f,
          serial_undead_e, serial_undead_f, uniq_sigmund, uniq_duvessa
D:6:      layout_cave_pools, chequers_temple_overflow_statue_of_worship,
          amcnicky_mini_corridor_feature, uniq_maggie

Table legend: (Time is in decaauts)
 A = Elapsed time spent in this place.
 B = Non-inter-level travel time spent in this place.
 C = Inter-level travel time spent in this place.
 D = Time resting spent in this place.
 E = Time spent auto-exploring this place.
 F = Levels seen in this place.
 G = Mean time per level.
                   A        B        C        D        E       F      G
               +--------+--------+--------+--------+--------+-----+--------+
         Total |   5518 |   5390 |    128 |     31 |   4321 |   6 |  919.7 |
       Dungeon |   5518 |   5390 |    128 |     31 |   4321 |   6 |  919.7 |
               +--------+--------+--------+--------+--------+-----+--------+

Top non-repeatable levels by time:
     D:5: 1420 daAuts
     D:3: 1264 daAuts
     D:2: 1161 daAuts
     D:4: 859 daAuts
     D:1: 782 daAuts
     D:6: 31 daAuts

Table legend:
 A = Kills in this place as a percentage of kills in the entire game.
 B = Kills by you in this place as a percentage of kills by you in the entire game.
 C = Kills by friends in this place as a percentage of kills by friends in the entire game.
 D = Other kills in this place as a percentage of other kills in the entire game.
 E = Experience gained in this place as a percentage of experience gained in the entire game.
 F = Experience gained in this place divided by the number of levels of this place that you have seen.
                   A       B       C       D       E      F
               +-------+-------+-------+-------+-------+----------------------
         Total | 100.0 | 100.0 |   N/A |   N/A | 100.0 | 582.8
       Dungeon | 100.0 | 100.0 |   N/A |   N/A | 100.0 | 582.8
               +-------+-------+-------+-------+-------+----------------------
